 Dungeon Crawl Stone Soup version 0.32-a0-913-g739538afd8 (webtiles) character file.

Game seed: 9416658372825589421

224 uglyjohn the Shooter (level 5, -2/46 HPs)
             Began as a Minotaur Hunter on Apr 9, 2024.
             Slain by Ijyb
             ... wielding a +0 club
              (4 damage)
             ... on level 3 of the Dungeon.
             The game lasted 00:03:42 (2335 turns).

uglyjohn the Shooter (Minotaur Hunter)              Turns: 2335, Time: 00:03:43

Health: -2/46      AC:  3    Str: 15    XL:     5   Next: 67%
Magic:  4/4        EV:  9    Int:  6    God:
Gold:   180        SH:  0    Dex: 16    Spells: 4/4 levels left

rFire   . . .        a - +0 shortbow
rCold   . . .        (shield currently unavailable)
rNeg    . . .        s - +0 scale mail
rPois   .            (helmet restricted)
rElec   .            (no cloak)
rCorr   .            r - +0 pair of gloves
SInv    .            (no boots)
Will    .....        h - amulet of regeneration Stlth
                     (no ring)
HPRegen 1.07/turn    (no ring)
MPRegen 0.09/turn

%: no passive effects
@: corroded
A: horns 2, retaliatory headbutt
a: no special abilities


You were on level 3 of the Dungeon.
You visited 1 branch of the dungeon, and saw 3 of its levels.

You collected 180 gold pieces.

Inventory:

Hand Weapons
 a - a +0 shortbow (weapon)
 f - a +0 war axe
Armour
 r - a +0 pair of gloves (worn)
 s - a +0 scale mail (worn)
Jewellery
 h - an amulet of regeneration (around neck)
 u - a +4 ring of slaying
Scrolls
 b - a scroll of butterflies
 c - a scroll of enchant weapon {unknown}
 g - a scroll of torment {unknown}
 i - a scroll of vulnerability {unknown}
 j - 2 scrolls of identify {unknown}
 k - 2 scrolls of fear
 m - a scroll of brand weapon {unknown}
 p - a scroll of revelation {unknown}
 q - 2 scrolls of noise {unknown}
 t - 2 scrolls of blinking {unknown}
Potions
 d - a potion of cancellation {unknown}
 e - 2 potions of curing
 l - a potion of degeneration {unknown}
 n - a potion of enlightenment {unknown}
 o - a potion of lignification {unknown}


   Skills:
 + Level 4.1 Fighting
 * Level 6.2 Ranged Weapons
 + Level 3.1 Armour
 - Level 2.1 Dodging
 - Level 0.7 Stealth


You had 4 spell levels left.
You didn't know any spells.
Your spell library contained the following spells:

 Spells                   Type           Power      Damage    Failure   Level
 Necrotise                Necr           0%         1d4       88%         1
 Vampiric Draining        Necr           0%         2d6       99%         3
 Martyr's Knell           Necr/Summ      0%         N/A       100%        4
 Curse of Agony           Necr           0%         N/A       100%        5


Dungeon Overview and Level Annotations

Branches:
Dungeon (3/15)

Altars:
Vehumet

Shops:
D:1 =

Annotations:
D:3 Ijyb


Innate Abilities, Weirdness & Mutations

You have a pair of horns on your head.
You reflexively headbutt those who attack you in melee.


Message History

You shoot an arrow. The arrow hits Ijyb.
Ijyb is heavily wounded.
You shoot an arrow. The arrow barely misses Ijyb.
Ijyb zaps a wand.
The bolt of acid hits you! The acid corrodes you!
You shoot an arrow. The arrow hits Ijyb but does no damage.
Ijyb is heavily wounded.
Ijyb barely misses you.
You shoot an arrow. The arrow hits Ijyb!
Ijyb is severely wounded.
Ijyb hits you with a +0 club.
You shoot an arrow. The arrow hits Ijyb but does no damage.
Ijyb is severely wounded.
Ijyb hits you with a +0 club. x2
You shoot an arrow. The arrow barely misses Ijyb.
Ijyb misses you.
You shoot an arrow. The arrow hits Ijyb but does no damage.
Ijyb is severely wounded.
Ijyb hits you with a +0 club.
You shoot an arrow. The arrow barely misses Ijyb.
Ijyb zaps a wand.
The bolt of acid hits you.
Ijyb zaps a wand.
The bolt of acid misses you.
You shoot an arrow. The arrow barely misses Ijyb.
Ijyb zaps a wand.
The bolt of acid hits you!
* * * LOW HITPOINT WARNING * * *
You are too injured to fight recklessly!
You shoot an arrow. The arrow barely misses Ijyb.
Ijyb screams, "Me wand stronger than you!"
Ijyb zaps a wand.
The bolt of acid hits you!
* * * LOW HITPOINT WARNING * * *
You shoot an arrow. The arrow barely misses Ijyb.
Ijyb hits you with a +0 club.
* * * LOW HITPOINT WARNING * * *
It was a potion of curing.
You feel better. Ijyb hits you with a +0 club.
* * * LOW HITPOINT WARNING * * *
You shoot an arrow. The arrow hits Ijyb.
Ijyb is almost dead.
You are no longer corroded.
Ijyb stops to study her wand.
Ijyb zaps a wand.
The bolt of acid hits you!
* * * LOW HITPOINT WARNING * * *
The acid corrodes you! Ijyb hits you with a +0 club.
You die...
Ijyb screams, "Time for next experiment!"

#...........#.#
#############.#
#.# #.# #.# #.#
#.# #.# #@#
........g.....#
........#######
#########


You could see Ijyb.

Vanquished Creatures
  A black bear (D:3)
  Jessica (D:2)
  An orc wizard (D:2)
  3 adders
  2 ribbon worms (D:2)
  4 orcs (D:3)
  4 ball pythons
  6 endoplasms
  A giant cockroach (D:1)
  3 goblins
  3 hobgoblins
  3 jackals (D:2)
  2 kobolds
  5 bats
  6 frilled lizards
  3 rats
48 creatures vanquished.

Notes
Turn   | Place    | Note
-------+----------+-------------------------------------------
     0 | D:1      | uglyjohn the Minotaur Hunter began the quest for the Orb.
     0 | D:1      | Reached XP level 1. HP: 18/18 MP: 0/0
   366 | D:1      | Found Guge's Jewellery Shop.
   443 | D:1      | Reached XP level 2. HP: 25/25 MP: 1/1
  1093 | D:2      | Reached skill level 1 in Armour
  1314 | D:2      | Noticed Jessica
  1341 | D:2      | Killed Jessica
  1342 | D:2      | Reached skill level 5 in Ranged Weapons
  1342 | D:2      | Reached XP level 3. HP: 31/31 MP: 2/2
  1596 | D:2      | Reached XP level 4. HP: 38/38 MP: 3/3
  1936 | D:3      | Noticed a black bear
  1948 | D:3      | Killed a black bear
  1949 | D:3      | Reached skill level 6 in Ranged Weapons
  1949 | D:3      | Reached XP level 5. HP: 39/46 MP: 4/4
  2116 | D:3      | Found a radiant altar of Vehumet.
  2320 | D:3      | Noticed Ijyb
  2332 | D:3      | HP: 2/46 [Ijyb/bolt of acid (11)]
  2335 | D:3      | Slain by Ijyb

Illustrated notes

Levels and vault maps discovered:
D:1:      dpeg_arrival_arbitrary_b, layout_basic, serial_shops,
          nicolae_lakefront_shop
D:2:      layout_loops_cross, minmay_three_crescents, uniq_jessica
D:3:      layout_loops_ring, vehumet_crystals,
          hellmonk_ecumenical_altar_zigzags, uniq_ijyb

Skill      XL: |  1  2  3  4 |
---------------+-------------+-----
Armour         | 1 2 3 |  3.1
Fighting       | 3 4 |  4.1
Ranged Weapons | 5 6 |  6.2
Dodging        | |  2.1
Stealth        | |  0.7

Action                     |  1- 3 |  4- 6 || total
---------------------------+-------+-------++-------
   Fire: Shortbow          |    62 |    86 ||   148
    Use: Scroll            |       |     1 ||     1
         Potion            |       |     1 ||     1
 Armour: Ring mail         |    24 |     7 ||    31
         Leather armour    |     1 |       ||     1
         Scale mail        |       |    47 ||    47
  Dodge: Dodged            |    23 |    40 ||    63

Table legend: (Time is in decaauts)
 A = Elapsed time spent in this place.
 B = Non-inter-level travel time spent in this place.
 C = Inter-level travel time spent in this place.
 D = Time resting spent in this place.
 E = Time spent auto-exploring this place.
 F = Levels seen in this place.
 G = Mean time per level.
                   A        B        C        D        E       F      G
               +--------+--------+--------+--------+--------+-----+--------+
         Total |   2378 |   2288 |     90 |    107 |   1761 |   3 |  792.7 |
       Dungeon |   2378 |   2288 |     90 |    107 |   1761 |   3 |  792.7 |
               +--------+--------+--------+--------+--------+-----+--------+

Top non-repeatable levels by time:
     D:1: 968 daAuts
     D:2: 876 daAuts
     D:3: 533 daAuts
